 Dungeon Crawl Stone Soup version 0.30.1-11-g7821555f0a (webtiles) character file.

Game seed: 13907219860502075430

188 GregorKastrin the Twirler (level 5, 0/45 HPs)
             Began as a Hill Orc Gladiator on Dec 23, 2023.
             Was an Initiate of Beogh.
             Slain by an orc
             ... wielding a +0 mace
              (3 damage)
             ... on level 3 of the Dungeon.
             The game lasted 00:06:44 (2234 turns).

GregorKastrin the Twirler (Hill Orc Gladiator)      Turns: 2234, Time: 00:06:45

Health: 0/45       AC:  4    Str: 15 (17) XL:     5   Next: 67%
Magic:  5/5        EV: 12    Int:  9 (10) God:    Beogh [......]
Gold:   90         SH:  0    Dex: 10 (12) Spells: 4/4 levels left

rFire   . . .        a - +1 quarterstaff
rCold   . . .        (shield currently unavailable)
rNeg    . . .        b - +0 leather armour
rPois   .            c - +0 helmet
rElec   .            (no cloak)
rCorr   .            (no gloves)
SInv    .            (no boots)
Will    .....        (no amulet)
Stlth   +            (no ring)
HPRegen 0.27/turn    (no ring)
MPRegen 0.09/turn

%: no passive effects
@: confused, attractive
A: no striking features
a: Renounce Religion


You were on level 3 of the Dungeon.
You worshipped Beogh.
Beogh was noncommittal.
You visited 1 branch of the dungeon, and saw 4 of its levels.

You collected 90 gold pieces.

Inventory:

Hand Weapons
 a - a +1 quarterstaff (weapon)
Missiles
 d - a throwing net (quivered)
 h - a javelin
Armour
 b - a +0 leather armour (worn)
 c - a +0 helmet (worn)
Potions
 f - a potion of degeneration


   Skills:
 * Level 3.1 Fighting
 * Level 1.5(3.3) Polearms
 * Level 3.8(4.0) Staves
 * Level 2.3 Throwing
 * Level 1.9 Armour
 * Level 2.9 Dodging
 * Level 1.1 Stealth


You had 4 spell levels left.
You didn't know any spells.
Your spell library was empty.

Dungeon Overview and Level Annotations

Branches:
Dungeon (4/15)
 Temple: D:4-7

Altars:
Ashenzari
Elyvilon
Uskayaw


Message History

It was a potion of degeneration.
There was something very wrong with that liquid.
You feel weakened.
You feel dopey.
You feel clumsy.
You hear some strange, mumbled words.
You are confused.
The orc misses you. Something hits you but does no damage.
Unknown command.
It was a potion of heal wounds.
You feel much better. Something hits you but does no damage.
The orc barely misses you.
You hear some strange, mumbled words.
A magic dart appears from out of thin air!
The magic dart hits you.
It was a potion of attraction.
You feel attractive to monsters. Something hits you but does no damage.
The orc hits you with a +0 club.
You hear some strange, mumbled words.
A magic dart appears from out of thin air!
The magic dart hits you. Something hits you but does no damage.
The orc barely misses you. The orc is attracted toward you.
You closely miss something. The orc hits you with a +0 club.
Something hits you.
* * * LOW HITPOINT WARNING * * *
You bump into the rock wall.
Something hits you but does no damage.
The orc closely misses you. x2; Something hits you but does no damage.
You miss the orc.
You feel less confused. Something hits you.
* * * LOW HITPOINT WARNING * * *
The orc barely misses you. x2; Something hits you but does no damage.
Unknown command.
Something hits you but does no damage.
You hear some strange, mumbled words.
You are confused.
You hear some strange, mumbled words.
A puff of flame appears from out of thin air!
The puff of flame hits you!
* * * LOW HITPOINT WARNING * * *
The orc hits you with a +0 mace.
You die...

# ## ~# # .# ###. ####
########... ...#########
#........P~ ##.#.......#########
#......~~~~
#.#............@{.####...~~P.~~♣
#.#............o{o)..'....~~o~♣~
#.#........#..###.####...P~~≈~♣P
#........#.#.............~~≈♣♣~~
#######.#.#.#..#.#.######~~~~♣≈♣o
.#### #...#.#..#.#.# ##.PP~♣≈♣~
..#.#####.#.#..#...# ###...~~~~≈≈
.#...#.####.#..#.#####...##.~.~~♣
...#.)......#..#.)...........#~~~


You could see 2 orcs.

Vanquished Creatures
  A jelly (D:4)
  An iguana (D:4)
  A gnoll (D:3)
  6 adders
  An ufetubus (D:4)
  2 worms
  7 orcs
  6 ball pythons
  5 endoplasms
  3 giant cockroaches
  4 hobgoblins
  3 jackals (D:4)
  2 kobolds (D:2)
  A quokka (D:3)
  A frilled lizard (D:1)
  4 goblins
  6 rats
54 creatures vanquished.

Vanquished Creatures (others)
  An orc priest (D:4)
  3 orcs (D:4)
4 creatures vanquished.

Grand Total: 58 creatures vanquished

Notes
Turn   | Place    | Note
-------+----------+-------------------------------------------
     0 | D:1      | GregorKastrin the Hill Orc Gladiator began the quest for
                  | the Orb.
     0 | D:1      | Reached XP level 1. HP: 18/18 MP: 1/1
   130 | D:1      | Reached XP level 2. HP: 21/25 MP: 2/2
   282 | D:2      | Reached XP level 3. HP: 18/30 MP: 3/3
   312 | D:3      | Found a white marble altar of Elyvilon.
   328 | D:3      | Found a faded altar of an unknown god.
   367 | D:3      | Reached skill level 1 in Polearms
   665 | D:3      | Reached skill level 1 in Armour
   665 | D:3      | Reached XP level 4. HP: 35/37 MP: 4/4
   981 | D:4      | Found a large runed translucent door.
   982 | D:4      | Found a large runed translucent door.
  1156 | D:4      | Found a broken altar of Ashenzari.
  1163 | D:4      | Found a hide-covered altar of Uskayaw.
  1174 | D:4      | Became a worshipper of Beogh the Brigand
  1261 | D:4      | Reached XP level 5. HP: 43/44 MP: 5/5
  1341 | D:4      | Reached skill level 1 in Stealth
  1479 | D:4      | Noticed an ogre
  1482 | D:4      | Noticed a centaur
  1496 | D:4      | Noticed a phantom
  2224 | D:3      | HP: 2/45 [something (2)]
  2234 | D:3      | Slain by an orc

Illustrated notes

Levels and vault maps discovered:
D:1:      lemuel_arrival_room, layout_basic
D:2:      layout_basic, grunt_decor_cap
D:3:      minmay_spotlight, layout_basic, elyvilon_altar_5,
          hellmonk_ecumenical_altar_pennies_from_heaven, kennysheep_flooded_box,
          kennysheep_cluttered_room, serial_bayou_lagoon_a,
          chequers_serial_rivers_micro_c
D:4:      layout_gridville, nicolae_dithmenos_through_a_glass_darkly,
          jmf_multi_god_temple2

Skill      XL: |  1  2  3  4  5 |
---------------+----------------+-----
Staves         | 3 |  3.8
Throwing       | 2 |  2.3
Polearms       | 1 |  1.5
Armour         | 1 |  1.9
Stealth        | 1 |  1.1
Fighting       | 3 |  3.1
Dodging        | |  2.9

Action                     |  1- 3 |  4- 6 || total
---------------------------+-------+-------++-------
  Melee: Quarterstaff      |    65 |    99 ||   164
  Throw: Javelin           |     1 |     2 ||     3
         Throwing net      |       |     2 ||     2
 Invoke: Convert to Beogh  |       |     1 ||     1
    Use: Scroll            |     1 |     6 ||     7
         Potion            |       |     4 ||     4
 Armour: Leather armour    |    20 |    36 ||    56
  Dodge: Dodged            |    47 |   114 ||   161
